 Dungeon Crawl Stone Soup version 0.29.1-13-g9f3cf754e1 (webtiles) character file.

Game seed: 10041329056382026586

91 Hrothgar the Trooper (level 4, 0/40 HPs)
             Began as a Hill Orc Fighter on Feb 10, 2023.
             Slain by an orc wizard
             ... wielding a +0 dagger
              (3 damage)
             ... on level 4 of the Dungeon.
             The game lasted 00:05:01 (1308 turns).

Hrothgar the Trooper (Hill Orc Fighter)             Turns: 1308, Time: 00:05:01

Health: 0/40       AC:  7    Str: 18    XL:     4   Next: 59%
Magic:  4/4        EV:  9    Int: 10    God:
Gold:   88         SH:  0    Dex:  8    Spells: 4/4 levels left

rFire   . . .      SeeInvis .   a - +0 war axe
rCold   . . .      Faith    +   c - +0 buckler
rNeg    . . .      Spirit   .   b - +0 scale mail
rPois   .          Reflect  .   (no helmet)
rElec   .          Harm     .   (no cloak)
rCorr   .          Rampage  .   (no gloves)
Will    .....                   (no boots)
Stlth   ..........              h - amulet of faith
HPRegen 0.13/turn               (no ring)
MPRegen 0.09/turn               (no ring)

@: confused
A: talons 1, clumsy 1
a: no special abilities


You were on level 4 of the Dungeon.
You visited 1 branch of the dungeon, and saw 4 of its levels.

You collected 127 gold pieces.
You spent 39 gold pieces at shops.

Inventory:

Hand Weapons
 a - a +0 war axe (weapon)
Missiles
 j - 6 javelins (quivered)
Armour
 b - a +0 scale mail (worn)
 c - a +0 buckler (worn)
Jewellery
 h - an amulet of faith (around neck)
 k - a ring of magical power
 m - an amulet of guardian spirit
Scrolls
 f - a scroll of amnesia
 g - a scroll of blinking {unknown}
 l - a scroll of teleportation {unknown}
Potions
 d - a potion of might
 i - a potion of attraction
 n - a potion of cancellation {unknown}


   Skills:
 * Level 4.1 Fighting
 * Level 3.9 Axes
 * Level 0.5 Throwing
 * Level 3.9 Armour
 * Level 0.6 Dodging
 * Level 0.7 Stealth
 + Level 3.4 Shields
 * Level 0.5 Spellcasting


You had 4 spell levels left.
You didn't know any spells.
Your spell library was empty.

Dungeon Overview and Level Annotations

Branches:
Dungeon (4/15)
 Temple: D:4-7

Altars:
Wu Jian

Shops:
D:2 !


Innate Abilities, Weirdness & Mutations

You have sharp toenails.
You are clumsy. (Dex -2)


Message History

A magic dart appears from out of thin air!
The magic dart hits you.
You hit the orc.
You kill the orc!
You barely miss something.
You hear some strange, mumbled words.
You are confused.
Something hits you.
Found a stone staircase leading up.
You completely miss something. Something hits you but does no damage.
Something hits you.
You hear some strange, mumbled words.
A magic dart appears from out of thin air!
The magic dart hits you but does no damage.
You miss something. Your kick misses something.
You feel less confused. Something hits you. x2
* * * LOW HITPOINT WARNING * * *
You miss something. Something hits you.
* * * LOW HITPOINT WARNING * * *
You closely miss something. Your kick misses something.
Something hits you but does no damage.
You closely miss something.
You hear some strange, mumbled words.
A magic dart appears from out of thin air!
The magic dart hits you.
* * * LOW HITPOINT WARNING * * *
Something hits you.
* * * LOW HITPOINT WARNING * * *
You closely miss something. Something hits you.
* * * LOW HITPOINT WARNING * * *
You closely miss something. Your kick misses something. Something hits you.
* * * LOW HITPOINT WARNING * * *
You closely miss something. Your kick misses something.
Something hits you but does no damage.
You hear some strange, mumbled words.
You are confused.
You bump into the rock wall.
Something hits you but does no damage.
Unknown command.
You bump into the rock wall.
Something hits you.
You die...

##...~~ ~#...
##....~# ~...
#......+ ~..
......~###~# #
#...~~~~~# .##
#......).##....
#<..).......
##.{........
#.@.###....
#....### ...
##..## . #.# #.
.. . .<


There were no monsters in sight!

Vanquished Creatures
  An orc wizard (D:4)
  2 adders
  A worm (D:2)
  A dart slug (D:3)
  4 orcs
  A ball python (D:1)
  4 endoplasms (D:3)
  A giant cockroach (D:2)
  5 goblins
  4 hobgoblins
  3 jackals (D:1)
  A quokka (D:3)
  4 bats (D:3)
  3 frilled lizards
  3 kobolds
38 creatures vanquished.

Notes
Turn   | Place    | Note
-------+----------+-------------------------------------------
     0 | D:1      | Hrothgar the Hill Orc Fighter began the quest for the Orb.
     0 | D:1      | Reached XP level 1. HP: 19/19 MP: 1/1
   245 | D:1      | Reached XP level 2. HP: 25/27 MP: 2/2
   588 | D:2      | Found Othreunip's Distillery.
   598 | D:2      | Bought a potion of curing for 39 gold pieces
   657 | D:2      | Reached XP level 3. HP: 33/33 MP: 3/3
   852 | D:3      | Gained mutation: You are clumsy. (Dex -2) [potion of
                  | mutation]
   852 | D:3      | Gained mutation: You have sharp toenails. [potion of
                  | mutation]
   967 | D:3      | Found an ornate altar of the Wu Jian Council.
   978 | D:3      | Reached skill level 4 in Fighting
  1016 | D:3      | Reached XP level 4. HP: 21/40 MP: 4/4
  1308 | D:4      | Slain by an orc wizard

Illustrated notes

Levels and vault maps discovered:
D:1:      dpeg_arrival_rhombi, layout_basic, serial_shops,
          nicolae_shop_competitors_out_of_business
D:2:      layout_basic, serial_shops, shop, minivault_24
D:3:      layout_basic, nicolae_wu_jian_wuxing_cycle,
          ebering_ghost_reflecting_pool, serial_shops, shop, minmay_misc_feat_x
D:4:      layout_layer_cave, kennysheep_mini_moat,
          minmay_temple_entry_glassed_door, serial_park_tiny_pond

Skill      XL: |  1  2  3 |
---------------+----------+-----
Axes           | 3 |  3.9
Fighting       | 4 |  4.1
Throwing       | |  0.5
Armour         | |  3.9
Dodging        | |  0.6
Stealth        | |  0.7
Shields        | |  3.4
Spellcasting   | |  0.5

Action                   |  1- 3 |  4- 6 || total
-------------------------+-------+-------++-------
Melee: War axe           |    74 |    25 ||    99
       Kick              |     5 |     3 ||     8
Throw: Javelin           |     3 |       ||     3
  Use: Scroll            |     4 |       ||     4
       Potion            |     1 |     2 ||     3
Armor: Scale mail        |    44 |    25 ||    69
Dodge: Dodged            |    37 |     7 ||    44
Block: Buckler           |    15 |     4 ||    19
